Map: Lightshade LE

Players

MaxPax

  • Race: Protoss Protoss

MarineLorD - Winner!

  • Race: Terran Terran
  • League: Master

Event: DreamHack SC2 Masters 2021 Fall

VOD

Have the link to the VOD?

Description

Time

  • Played on: Aug. 14, 2021, 9:52 a.m.
  • Length: 13:08

All games in this series

Show
View Real Time Build Order
Export as new Build Order

MaxPax Protoss 

Build Orders: 1 Gate Expand, Oracle Opening 

Get SALT Encoding   

  12  0:00  Probe  
  13  0:12  Probe  
  14  0:16  Pylon  
  14  0:24  Probe (Chrono Boost)  
  15  0:36  Probe (Chrono Boost)  
  15  0:39  Gateway  
  16  0:45  Probe (Chrono Boost)  
  16  0:47  Assimilator  
  17  0:51  Probe  
  18  1:03  Probe  
  19  1:15  Probe  
  20  1:26  Cybernetics Core  
  20  1:34  Nexus  
  20  1:40  Probe  
  20  1:45  Pylon  
  21  1:51  Assimilator  
  21  1:53  Probe  
  22  2:00  Adept (Chrono Boost)  
  22  2:07  Pylon  
  24  2:10  Probe  
  24  2:14  Warp Gate  
  25  2:22  Probe  
  26  2:31  Stargate  
  26  2:35  Adept, Probe (Chrono Boost)  
  29  2:46  Probe (Chrono Boost)  
  29  2:50  Probe (Chrono Boost)  
  31  2:51  Probe (Chrono Boost)  
  31  2:58  Probe  
  33  3:01  Probe  
  33  3:05  Stalker  
  36  3:10  Probe  
  37  3:13  Oracle (Chrono Boost)  
  37  3:14  Probe (Chrono Boost)  
  37  3:19  Gateway  
  41  3:22  Probe (Chrono Boost)  
  43  3:31  Probe (Chrono Boost)  
  43  3:32  Probe (Chrono Boost)  
  44  3:37  Twilight Council, Probe x2 (Chrono Boost)  
  46  3:48  Gateway, Probe  
  46  3:49  Probe  
  48  4:01  Probe  
  49  4:04  Assimilator  
  49  4:07  Stalker  
  51  4:10  Blink (Chrono Boost), Probe  
  51  4:13  Assimilator, Pylon  
  53  4:23  Pylon  
  53  4:24  Stalker  
  56  4:31  Probe x2  
  56  4:42  Pylon  
  56  4:43  Probe x2  
  55  4:45  Robotics Facility  
  55  4:46  Pylon  
  44  4:54  Stalker x2  
  44  4:55  Probe x2 (Chrono Boost)  
  50  5:04  Probe x2 (Chrono Boost)  
  50  5:06  Stalker  
  54  5:09  Probe x2 (Chrono Boost)  
  56  5:20  Nexus  
  56  5:22  Probe  
  56  5:25  Stalker  
  56  5:26  Probe  
  60  5:32  Stalker  
  60  5:34  Observer, Probe  
  64  5:39  Stalker  
  64  5:41  Probe  
  67  5:55  Stalker x2  
  69  6:01  Probe x2  
  69  6:08  Stalker  
  67  6:12  Robotics Bay  
  67  6:13  Probe  
  67  6:14  Forge  
  67  6:16  Probe  
  69  6:18  Stalker x2  
  73  6:25  Probe  
  73  6:29  Probe  
  75  6:33  Nexus  
  75  6:34  Charge  
  75  6:36  Observer  
  75  6:37  Probe  
  77  6:40  Stalker  
  77  6:42  Probe  
  77  6:45  Stalker  
  82  6:50  Stalker, Probe  
  85  6:57  Probe  
  86  7:04  Protoss Ground Weapons Level 1  
  86  7:09  Pylon  
  86  7:24  Colossus (Chrono Boost), Extended Thermal Lance  
  86  7:27  Pylon, Probe x2  
  94  7:32  Observer  
  94  7:40  Probe x2  
  90  7:50  Probe  
  91  7:51  Zealot x3  
  91  7:52  Probe x2  
  91  7:57  Observer  
  99  7:59  Gateway  
  99  8:02  Shield Battery, Gateway  
  99  8:04  Gateway  
  99  8:09  Photon Cannon  
  99  8:12  Sentry x2  
  101  8:13  Zealot  
  105  8:21  Colossus  
  111  8:33  Gateway  
  111  8:34  Gateway  
  111  8:38  Pylon  
  111  8:39  Photon Cannon  
  111  8:41  Pylon  
  111  8:42  Zealot x3  
  117  8:49  Shield Battery  
  115  9:00  Zealot x3  
  113  9:08  Zealot x3  
  117  9:13  Colossus (Chrono Boost)  
  117  9:14  Photon Cannon  
  113  9:17  Shield Battery  
  113  9:23  Stalker x3  
  111  9:27  Probe x2  
  111  9:30  Observer, Stalker  
  110  9:43  Protoss Ground Weapons Level 2 (Chrono Boost)  
  109  9:51  Templar Archives  
  108  9:54  Zealot x4  
  108  9:59  Disruptor (Chrono Boost)  
  116  10:04  Zealot  
  121  10:07  Stalker  
  121  10:09  Stalker  
  119  10:24  Stalker x3  
  119  10:28  Pylon  
  124  10:43  Nexus  
  124  10:45  Disruptor  
  124  10:48  Pylon  
  124  10:49  High Templar x2  
  131  10:50  Zealot  
  131  10:54  Pylon, Archon  
  133  11:01  Pylon  
  131  11:06  Pylon  
  131  11:07  Pylon  
  131  11:08  High Templar x2, Zealot  
  131  11:09  Zealot x2  
  139  11:12  Archon  
  136  11:28  Zealot  
  136  11:29  Zealot x5  
  113  11:48  Zealot x2  
  113  11:49  Robotics Facility  
  113  11:51  Stalker x5  
  113  11:52  Stalker  
  127  12:04  Photon Cannon  
  127  12:11  Zealot x2  
  85  12:30  Zealot x4  
  83  12:42  Shield Battery  
  66  12:54  Zealot x3  
Show
View Real Time Build Order
Export as new Build Order

MarineLorD Terran - Winner!

Build Orders:  

Get SALT Encoding   

  12  0:00  SCV  
  13  0:12  SCV  
  14  0:17  Supply Depot  
  14  0:24  SCV  
  15  0:38  SCV  
  15  0:39  Barracks  
  15  0:42  Refinery  
  16  0:50  SCV  
  17  1:03  SCV  
  18  1:15  SCV  
  19  1:26  Marine  
  19  1:27  Orbital Command  
  20  1:44  Command Center  
  20  1:49  Barracks Reactor  
  20  1:53  SCV  
  21  1:59  Supply Depot  
  21  2:05  SCV  
  22  2:12  Factory  
  22  2:17  SCV  
  23  2:25  Marine x2  
  23  2:27  Bunker  
  23  2:29  SCV  
  26  2:35  Refinery  
  26  2:41  SCV  
  29  2:53  SCV  
  29  2:56  Starport  
  29  2:57  Widow Mine  
  30  3:00  Orbital Command  
  30  3:05  SCV  
  30  3:09  Marine  
  30  3:10  Marine  
  33  3:18  SCV, Widow Mine  
  36  3:25  SCV  
  37  3:28  Marine x2  
  37  3:30  SCV  
  40  3:34  Supply Depot  
  40  3:37  SCV  
  40  3:38  Medivac  
  40  3:39  Factory Tech Lab  
  43  3:42  SCV  
  43  3:47  Marine  
  43  3:48  Marine  
  46  3:55  SCV x2  
  46  4:00  Cyclone  
  47  4:07  SCV x2  
  51  4:10  Viking  
  51  4:15  Supply Depot  
  53  4:17  Supply Depot  
  53  4:19  SCV x2  
  53  4:29  Marine  
  53  4:31  Marine  
  54  4:32  SCV  
  54  4:37  SCV  
  55  4:39  Cyclone  
  55  4:40  Viking  
  55  4:44  SCV  
  61  4:47  Marine  
  61  4:48  Marine  
  61  4:49  SCV  
  64  4:57  SCV  
  65  5:01  SCV, Supply Depot x2  
  65  5:05  Marine  
  65  5:06  Marine  
  68  5:09  SCV  
  68  5:12  Command Center  
  68  5:14  SCV  
  70  5:22  Siege Tank  
  70  5:23  Barracks  
  70  5:25  Barracks  
  73  5:28  Starport Tech Lab  
  73  5:29  SCV x2  
  73  5:32  Marine x2  
  77  5:36  Supply Depot  
  77  5:37  Supply Depot  
  77  5:41  SCV  
  78  5:47  SCV  
  79  5:50  Marine x2  
  76  6:03  SCV  
  76  6:08  Marine  
  74  6:13  SCV  
  74  6:18  Refinery x2, Barracks, Engineering Bay  
  75  6:19  Marine x2, Stimpack, Combat Shield, Engineering Bay, Barracks  
  75  6:20  Marine  
  78  6:25  Orbital Command  
  78  6:26  Factory Reactor  
  78  6:27  Starport Reactor  
  78  6:30  Marine  
  79  6:37  Marauder  
  79  6:38  SCV x2, Marauder  
  85  6:57  Marine x2  
  85  7:03  Terran Infantry Armor Level 1, Terran Infantry Weapons Level 1  
  85  7:04  SCV  
  85  7:05  Medivac, Marauder x2  
  85  7:06  Widow Mine x2  
  94  7:10  Barracks Reactor  
  94  7:12  Barracks Tech Lab  
  94  7:15  SCV  
  96  7:20  Marine x2  
  94  7:27  Marauder x2  
  98  7:32  Marauder  
  97  7:38  Marine x2  
  97  7:41  Orbital Command  
  97  7:42  SCV  
  93  7:48  Marauder x2  
  93  7:49  Marine  
  96  7:52  Widow Mine x2, Medivac x2  
  96  7:53  Marine  
  96  7:54  SCV x2  
  107  7:59  Concussive Shells  
  107  8:01  Missile Turret  
  107  8:06  Missile Turret  
  107  8:07  SCV x2  
  107  8:08  Armory  
  107  8:09  Marauder  
  107  8:10  Marine x4, Marauder  
  117  8:22  Supply Depot  
  117  8:26  Supply Depot  
  117  8:34  Supply Depot  
  117  8:36  Command Center  
  117  8:37  Supply Depot  
  117  8:40  Supply Depot  
  117  8:43  Marine x2, Marauder x3  
  117  8:48  Marine x2, SCV x3, Widow Mine  
  130  9:01  Marine  
  130  9:03  Marine  
  130  9:05  Marine x2, Marauder x3  
  136  9:14  SCV  
  136  9:15  Medivac x2  
  136  9:18  Marine, SCV  
  136  9:20  Marine  
  136  9:21  SCV  
  136  9:22  Terran Infantry Armor Level 2, Terran Infantry Weapons Level 2  
  136  9:23  Marine x2  
  141  9:26  Marine, SCV, Marauder x2  
  143  9:33  Refinery, SCV  
  143  9:34  SCV  
  143  9:35  Supply Depot  
  143  9:36  Refinery, Supply Depot, Marine  
  144  9:38  Marine  
  144  9:40  Bunker  
  144  9:42  Supply Depot  
  144  9:44  Marauder  
  147  9:48  Marauder x2  
  147  9:50  Medivac x2  
  155  9:58  SCV x2  
  157  10:05  Missile Turret  
  157  10:11  Marine x3  
  157  10:12  Marauder  
  158  10:23  Viking x2  
  158  10:27  Planetary Fortress  
  162  10:28  SCV  
  162  10:29  SCV x2, Barracks  
  162  10:30  Barracks, Starport  
  162  10:31  Barracks  
  165  10:37  Supply Depot  
  165  10:41  SCV x2  
  167  10:44  Marine x2, Marauder  
  171  10:55  SCV x2  
  171  10:56  SCV  
  173  10:58  Terran Ship Weapons Level 1  
  173  11:00  Viking x2  
  173  11:01  Marine x2  
  173  11:02  Marauder x2  
  182  11:11  Command Center  
  182  11:16  Ghost Academy, Missile Turret  
  181  11:29  Marine  
  181  11:30  Marauder  
  181  11:32  Marine, Marauder  
  182  11:33  Marine  
  161  11:48  Marine x2  
  161  11:51  Marauder  
  161  11:53  Barracks Tech Lab x3  
  161  11:55  Liberator x4  
  161  11:58  Marine x2, Marauder  
  175  12:07  Marine x2, Ghost  
  176  12:12  Marine  
  174  12:16  Marine x2  
  174  12:19  Marauder  
  148  12:23  Reaper, Marine  
  148  12:27  Marine x2  
  148  12:28  Marauder  
  145  12:30  Marine  
  145  12:33  Marine  
  145  12:34  Marine  
  145  12:36  Marauder  
  121  12:41  Marine, Marauder  
  120  12:45  Marine x2  

Tags
 
Add a new tag
Caveats
  • Supply blocks, unpowered buildings, or Contaminate may cause inaccurate times.
  • Supply counts are checked every 10 seconds.